 Dungeon Crawl Stone Soup version 0.26-a0-778-g3fe0686644 (webtiles) character file.

Game seed: 10709290229078515050

7109 rikardo the Destroyer (level 10, -2/71 HPs)
             Began as a Demonspawn Conjurer on Oct 6, 2020.
             Was a Believer of Vehumet.
             Slain by a flying skull (5 damage)
             ... on level 2 of the Abyss on Nov 9, 2020.
             The game lasted 00:31:45 (13730 turns).

rikardo the Destroyer (Demonspawn Conjurer)        Turns: 13730, Time: 00:31:46

Health: -2/71      AC:  8    Str:  4    XL:     10   Next: 85%
Magic:  0/17       EV: 13    Int: 19    God:    Vehumet [**....]
Gold:   473        SH:  6    Dex: 11    Spells: 7/24 levels left

rFire    + . .     SeeInvis .   a - +8 mithril axe "Arga" {speed, MR+}
rCold    + . .     Faith    .   (no shield)
rNeg     . . .     Spirit   +   q - +2 robe {rF+}
rPois    .         Reflect  .   (no helmet)
rElec    .         Harm     .   v - +2 cloak
rCorr    .         Rampage  .   g - +1 pair of gloves
MR       +....                  (no boots)
Stlth    ++........             (no amulet)
HPRegen  0.21/turn              (no ring)
MPRegen  0.15/turn              (no ring)

@: no status effects
A: claws 1, large bone plates 2, cold resistance 1, [deformed body],
[deterioration 2], [dopey 2], [low mp 2], mutation resistance 1, weak 1[+1],
magic shield
a: Renounce Religion


You were on level 2 of the Abyss.
You worshipped Vehumet.
Vehumet was pleased with you.
You visited 3 branches of the dungeon, and saw 13 of its levels.
You visited the Abyss 1 time.

You collected 795 gold pieces.
You spent 322 gold pieces at shops.

Inventory:

Hand Weapons
 a - the +8 mithril axe "Arga" (weapon) {speed, MR+}
   (You found it on level 4 of the Dungeon)

   Attacks with this weapon are significantly faster.
   It affects your resistance to hostile enchantments.
 b - a +2 hand crossbow of flaming
 k - the +5 glaive "Yhecrura" {freeze, +Fly rN+ Dex-3}
   (You bought it in a shop on level 9 of the Dungeon)

   It has been specially enchanted to freeze those struck by it, causing extra
   injury to most foes and up to half again as much damage against particularly
   susceptible opponents.
   It can also slow down cold-blooded creatures.
   It affects your dexterity (-3).
   It protects you from negative energy.
   It lets you fly.
 s - a +0 double sword of protection
Missiles
 e - 5 javelins (quivered)
 h - 114 bolts
 i - 262 arrows
 j - 109 sling bullets
 o - 4 boomerangs of dispersal
Armour
 g - a +1 pair of gloves (worn)
 m - a +0 tower shield
 q - a +2 robe of fire resistance (worn)
 v - a +2 cloak (worn)
Magical Staves
 B - an uncursed staff of death
Wands
 u - a wand of random effects (8)
 w - a wand of polymorph (13)
Scrolls
 d - 10 scrolls of identify
 l - 3 scrolls of immolation
 n - 2 scrolls of remove curse
 r - 3 scrolls of magic mapping
 x - 2 scrolls of enchant weapon
 y - 2 scrolls of teleportation
 A - a scroll of fog
 E - a scroll of enchant armour
 G - 2 scrolls of noise
Potions
 c - a potion of ambrosia
 f - 8 potions of curing
 p - 2 potions of cancellation
 t - a potion of attraction
 F - a potion of degeneration


   Skills:
 * Level 4.0 Fighting
 * Level 3.3 Armour
 - Level 4.0 Dodging
 - Level 1.7 Stealth
 * Level 3.3 Shields
 * Level 7.7 Spellcasting
 * Level 10.2 Conjurations
 * Level 2.8 Hexes
 * Level 2.4 Translocations
 * Level 2.3 Transmutations
 * Level 2.4 Fire Magic
 * Level 2.5 Earth Magic
 * Level 2.6 Poison Magic
 * Level 2.0 Evocations


You had 7 spell levels left.
You knew the following spells:

 Your Spells              Type           Power        Failure   Level
a - Searing Ray           Conj           #####.       1%          2
c - Ignite Poison         Fire/Tmut/Pois ###.....     11%         3
q - Apportation           Tloc           ###...       3%          1
s - Stone Arrow           Conj/Erth      ####..       1%          3
x - Olgreb's Toxic Radia  Pois           ###.....     32%         4
z - Fulminant Prism       Conj/Hex       ####......   6%          4

Your spell library contained the following spells:

 Spells                   Type           Power        Failure   Level
 Freeze                   Ice            #...         10%         1
 Magic Dart               Conj           ####         1%          1
 Dazzling Flash           Conj/Hex       ####..       1%          3
 Sandblast                Erth           ###...       3%          1
 Sting                    Tmut/Pois      ###.         3%          1
 Mephitic Cloud           Conj/Pois/Air  ###.....     4%          3
 Passwall                 Tmut/Erth      ###.....     5%          2
 Iskenderun's Mystic Bla  Conj/Tloc      ####....     7%          4
 Poisonous Vapours        Pois/Air       ##....       9%          2
 Petrify                  Tmut/Erth      ###.....     34%         4
 Lee's Rapid Deconstruct  Erth           ###.......   65%         5


Dungeon Overview and Level Annotations

Branches:
Dungeon (11/15)            Temple (1/1) D:5            Lair (1/6) D:8
    Orc (0/2) D:11

Altars:
Ashenzari
Cheibriados
Dithmenos
Elyvilon
Fedhas
Gozag
Hepliaklqana
Kikubaaqudgha
Makhleb
Nemelex Xobeh
Okawaru
Qazlal
Ru
Sif Muna
Trog
Uskayaw
Vehumet
Wu Jian
Xom
Yredelemnul
Zin
The Shining One

Shops:
D:9 (

Annotations:
D:11 Psyche


Innate Abilities, Weirdness & Mutations

You have sharp fingernails.
You are mostly covered in large bone plates. (SH +6)
Your flesh is cold resistant. (rC+)
When hurt, damage is shared between your health and your magic reserves.
You are somewhat resistant to further mutation.
[Armour fits poorly on your strangely shaped body.]
[Your body often deteriorates upon taking damage.]
[You are very dopey. (Int -4)]
[Your magical capacity is very low. (-20% MP)]
[You are very weak. (Str -4)]


Message History

The flying skull hits you but does no damage.
The wretched star pulses with an eldritch light!
Unknown command.
You hit the flying skull.
You destroy the flying skull!
Vehumet accepts your kill.
You feel your power returning.
Training target 4.0 for Dodging reached!
Your Dodging skill increases to level 4!
You closely miss the flying skull. You miss the flying skull.
You block the flying skull's attack. The flying skull misses you.
The flying skull hits you but does no damage.
The flying skull completely misses you.
The wretched star pulses with an eldritch light!
You feel less energetic. x2
The flying skull barely misses you.
You barely miss the flying skull. x3; You closely miss the flying skull.
You block the flying skull's attack. The flying skull closely misses you.
You block the flying skull's attack. The flying skull hits you!
You die...

## .. . #...
.# .#.#. ..
. ..#.##. .#
#....# ##..
#*#.###..#.#
#zz...... .
#@z......#
####z.###.#
.#.#.# #..#
z#### z .
.#.[# #.
#...#. .
#......# ##
. #. ##.# #z
### #.


You could see a wretched star and 4 flying skulls.

Vanquished Creatures
  3 death yaks
  Urug (D:8)
  2 cane toads
  2 trolls (D:10)
  A meliai zombie (D:11)
  2 flying skulls (Abyss:2)
  A water moccasin (D:10)
  3 orc warriors
  A sky beast (D:6)
  A black bear (D:8)
  4 ogres
  4 centaurs
  4 bullfrogs
  2 scorpions (D:5)
  3 killer bees (D:8)
  A howler monkey (D:6)
  4 wights (D:11)
  2 bullfrog zombies
  5 jellies
  A hound (D:5)
  3 orc priests
  9 orc wizards
  2 hell rats (D:8)
  9 worker ants
  2 hound skeletons
  A worker ant zombie (D:5)
  5 gnolls
  12 adders
  A river rat (D:8)
  A shadow imp (D:6)
  2 white imps
  An adder skeleton (D:9)
  An adder zombie (D:9)
  3 worms (D:2)
  2 dart slugs
  4 leopard geckos
  35 orcs
  3 ball pythons
  5 bats
  5 giant cockroaches
  A goblin (D:3)
  2 hobgoblins
  8 jackals
  5 quokkas
  4 frilled lizards
  8 kobolds
  2 leopard gecko skeletons
  7 rats
  A bush (D:10)
191 creatures vanquished.

Vanquished Creatures (collateral kills)
  A hellwing (Abyss:2)
1 creature vanquished.

Grand Total: 192 creatures vanquished

Notes
Turn   | Place    | Note
-------+----------+-------------------------------------------
     0 | D:1      | rikardo the Demonspawn Conjurer began the quest for the
                  | Orb.
     0 | D:1      | Reached XP level 1. HP: 13/13 MP: 3/3
    39 | D:1      | Gained mutation: When hurt, damage is shared between your
                  | health and your magic reserves. [demonic ancestry]
    39 | D:1      | Reached XP level 2. HP: 19/19 MP: 0/5
   143 | D:1      | Learned a level 2 spell: Searing Ray
  1057 | D:2      | Gained mutation: You are partially covered in large bone
                  | plates. (SH +4) [demonic ancestry]
  1057 | D:2      | Reached XP level 3. HP: 24/24 MP: 1/6
  1111 | D:2      | Reached skill level 5 in Conjurations
  1117 | D:2      | Gained mutation: [You are weak. (Str -2)] [potion of
                  | mutation]
  1117 | D:2      | Gained mutation: You are somewhat resistant to further
                  | mutation. [potion of mutation]
  1941 | D:2      | Gained mutation: You have sharp fingernails. [demonic
                  | ancestry]
  1941 | D:2      | Reached XP level 4. HP: 16/30 MP: 0/7
  2309 | D:2      | Learned a level 4 spell: Fulminant Prism
  2640 | D:2      | Found a basalt altar of Yredelemnul.
  2745 | D:3      | Reached XP level 5. HP: 35/35 MP: 6/9
  2821 | D:3      | Reached skill level 6 in Conjurations
  3458 | D:4      | Noticed an ogre
  3459 | D:4      | Found the +8 mithril axe "Arga" {speed, MR+}
  3469 | D:4      | Killed an ogre
  3615 | D:4      | Reached XP level 6. HP: 41/41 MP: 8/11
  3694 | D:4      | Reached skill level 7 in Conjurations
  4129 | D:5      | Entered Level 5 of the Dungeon
  4239 | D:5      | Found a sparkling altar of Nemelex Xobeh.
  4478 | D:5      | Gained mutation: You are mostly covered in large bone
                  | plates. (SH +6) [demonic ancestry]
  4478 | D:5      | Reached XP level 7. HP: 44/46 MP: 9/13
  4517 | D:5      | Found a broken altar of Ashenzari.
  4549 | D:5      | Found a shadowy altar of Dithmenos.
  5229 | D:5      | Found a staircase to the Ecumenical Temple.
  5314 | Temple   | Entered the Ecumenical Temple
  5515 | Temple   | Became a worshipper of Vehumet
  5646 | D:5      | Reached skill level 8 in Conjurations
  5951 | D:6      | Reached skill level 5 in Spellcasting
  6130 | D:6      | Reached XP level 8. HP: 51/53 MP: 12/15
  6578 | D:7      | Found a sacrificial altar of Ru.
  6753 | D:7      | Found an opulent altar of Gozag.
  6817 | D:7      | Reached skill level 1 in Fighting
  6817 | D:7      | Reached skill level 1 in Armour
  6817 | D:7      | Reached skill level 1 in Shields
  6880 | D:7      | Found a shimmering blue altar of Sif Muna.
  7135 | D:7      | Identified Sif Muna's Grimoire of Orientation
  7145 | D:7      | Learned a level 1 spell: Apportation
  7402 | D:8      | Reached skill level 9 in Conjurations
  7629 | D:8      | Noticed a death yak
  7642 | D:8      | Noticed a death yak
  7644 | D:8      | Noticed a death yak
  7667 | D:8      | Reached * piety under Vehumet
  7667 | D:8      | Offered knowledge of Foxfire by Vehumet.
  8313 | D:8      | Found a staircase to the Lair.
  8317 | D:8      | Upgraded the game from 0.26-a0-660-gc07710193c to
                  | 0.26-a0-682-g294304f6e8
  8504 | D:8      | Found a blossoming altar of Fedhas.
  8580 | D:9      | Found Viqity's Antique Weapon Emporium.
  8607 | D:9      | Upgraded the game from 0.26-a0-682-g294304f6e8 to
                  | 0.26-a0-683-g5206c1d7ac
  8630 | D:9      | Bought a translucent glaive for 322 gold pieces
  8630 | D:9      | Identified the +5 glaive "Yhecrura" {freeze, +Fly rN+
                  | Dex-3} (You bought it in a shop on level 9 of the Dungeon)
  8746 | D:9      | Reached XP level 9. HP: 58/61 MP: 16/18
  9074 | D:9      | Learned a level 3 spell: Stone Arrow
  9171 | D:9      | Found a stormy altar of Qazlal.
  9256 | D:9      | Learned a level 4 spell: Olgreb's Toxic Radiance
  9260 | D:9      | Learned a level 3 spell: Ignite Poison
  9310 | D:9      | Found a burning altar of Makhleb.
  9310 | D:9      | Noticed a blizzard demon
  9313 | D:9      | Noticed a hellwing
  9313 | D:9      | Noticed an orange demon
  9333 | D:10     | Entered Level 10 of the Dungeon
  9379 | D:10     | Noticed a troll
  9386 | D:10     | Killed a troll
  9943 | D:10     | Noticed a troll
  9971 | D:10     | Killed a troll
  9971 | D:10     | Reached skill level 1 in Hexes
 10389 | D:10     | Reached skill level 1 in Translocations
 10458 | D:10     | Reached skill level 1 in Earth Magic
 10464 | D:10     | Reached skill level 1 in Poison Magic
 10612 | D:10     | Reached skill level 1 in Transmutations
 10612 | D:10     | Reached skill level 1 in Fire Magic
 10859 | Lair:1   | Entered Level 1 of the Lair of Beasts
 10859 | Lair:1   | Noticed a cane toad
 10863 | Lair:1   | Killed a cane toad
 10903 | Lair:1   | Noticed a cane toad
 10906 | Lair:1   | Noticed Urug
 10926 | D:8      | Killed a cane toad
 11978 | D:7      | HP: 3/63 [death yak (26)]
 11981 | D:7      | Killed a death yak
 11981 | D:7      | Gained mutation: Your flesh is cold resistant. (rC+)
                  | [demonic ancestry]
 11981 | D:7      | Reached XP level 10. HP: 4/70 MP: 1/20
 12185 | D:7      | Upgraded the game from 0.26-a0-683-g5206c1d7ac to
                  | 0.26-a0-778-g3fe0686644
 12225 | D:7      | Killed a death yak
 12225 | D:7      | Reached skill level 10 in Conjurations
 12225 | D:7      | Reached skill level 1 in Evocations
 12637 | D:8      | Killed Urug
 12686 | D:8      | Killed a death yak
 12974 | D:11     | Reached ** piety under Vehumet
 13285 | D:11     | Offered knowledge of Freeze by Vehumet.
 13557 | D:11     | Found a staircase to the Orcish Mines.
 13557 | D:11     | Noticed Psyche
 13562 | D:11     | Cast into level 2 of the Abyss (Psyche)
 13620 | Abyss:2  | Found a corrupted altar of Lugonu.
 13638 | Abyss:2  | Found a burning altar of Makhleb.
 13641 | Abyss:2  | Noticed a starcursed mass
 13650 | Abyss:2  | Noticed a wizard
 13654 | Abyss:2  | Noticed a smoke demon
 13721 | Abyss:2  | Noticed a wretched star
 13727 | Abyss:2  | HP: 2/71 [flying skull (2)]
 13730 | Abyss:2  | Slain by a flying skull

Illustrated notes

Levels and vault maps discovered:
D:1:      nzn_arrival_water_spiral, layout_basic
D:2:      layout_loops_ring, lemuel_round_altar, minmay_pentomino_t4
D:3:      layout_rooms
D:4:      layout_basic
D:5:      layout_loops_corners, evilmike_ruin_ashenzari,
          nicolae_dithmenos_the_darkroom, minmay_temple_entry_antechambers,
          hangedman_decor_lopped, st_stairs_7, hangedman_abyss_or_decor_slice,
          nemelex_xobeh_ov_fountains_minmay
D:6:      layout_rooms, serial_glass, glass_columns_c, glass_columns_c,
          minmay_misc_feat_roman
D:7:      layout_loops_ring, nicolae_ru_path_of_blood,
          nicolae_gozag_seed_capital, led_sif_book
D:8:      layout_rooms, dpeg_lair_monsters, fedhas_altar_fruit_tree
D:9:      layout_cross, makhleb_altar_promises_db, serial_shops,
          nicolae_shop_crystal, nicolae_qazlal_eye_of_the_storm
D:10:     layout_rooms, kb_lookout_dungeons_type
D:11:     layout_roguey, orc_0_dummy, minmay_mirror_moons_of_madness,
          uniq_psyche
Temple:   eino_narrow_crystal_temple
Lair:1:   layout_hall_layers, lemuel_fruit_fields, uniq_urug, uniq_harold
Abyss:2:  base:
D:4

Skill      XL: |  1  2  3  4  5  6  7  8  9 10 |
---------------+-------------------------------+-----
Conjurations   | 5 6 7 8 9 10 | 10.2
Spellcasting   | 3 4 5 6 7 |  7.7
Dodging        | 2 3 4 |  4.0
Fighting       | 2 3 4 |  4.0
Armour         | 1 2 3 |  3.3
Shields        | 1 2 3 |  3.3
Hexes          | 1 2 |  2.8
Translocations | 1 2 |  2.4
Earth Magic    | 1 2 |  2.5
Poison Magic   | 1 2 |  2.6
Transmutations | 1 2 |  2.3
Fire Magic     | 1 2 |  2.4
Evocations     | 2 |  2.0
Stealth        | |  1.7

Action                   |  1- 3 |  4- 6 |  7- 9 | 10-12 || total
-------------------------+-------+-------+-------+-------++-------
Melee: Halberd           |    23 |       |       |       ||    23
       Spear             |     8 |       |       |       ||     8
       Rapier            |       |     9 |       |       ||     9
       Broad axe         |       |    17 |    92 |    62 ||   171
 Cast: Magic Dart        |    45 |    21 |       |       ||    66
       Searing Ray       |     8 |    19 |    49 |       ||    76
       Stone Arrow       |       |       |    38 |    35 ||    73
       Olgreb's Toxic Ra |       |       |       |     5 ||     5
       Ignite Poison     |       |       |       |     1 ||     1
Evoke: Wand              |       |       |     1 |       ||     1
  Use: Potion            |     3 |       |    18 |     3 ||    24
       Scroll            |       |     7 |    17 |     2 ||    26
 Stab: Sleeping          |       |       |     5 |       ||     5
       Invisible         |       |       |     2 |       ||     2
Armor: Robe              |    14 |    14 |    21 |    18 ||    67
       Skin              |       |       |    14 |       ||    14
Dodge: Dodged            |    33 |    26 |   100 |    52 ||   211
Block: Other             |     2 |     6 |    38 |    23 ||    69

Table legend: (Time is in decaauts)
 A = Elapsed time spent in this place.
 B = Non-inter-level travel time spent in this place.
 C = Inter-level travel time spent in this place.
 D = Time resting spent in this place.
 E = Time spent auto-exploring this place.
 F = Levels seen in this place.
 G = Mean time per level.
                   A        B        C        D        E       F      G
               +--------+--------+--------+--------+--------+-----+--------+
         Total |  13745 |  13017 |    728 |   3609 |   7754 |  14 |  981.8 |
       Dungeon |  13290 |  12578 |    712 |   3561 |   7521 |  11 | 1208.2 |
        Temple |    216 |    201 |     15 |      0 |    195 |   1 |  216.0 |
          Lair |     68 |     68 |      0 |      0 |     38 |   1 |   68.0 |
         Abyss |    169 |    169 |      0 |     48 |      0 |   1 |  169.0 |
               +--------+--------+--------+--------+--------+-----+--------+

Top non-repeatable levels by time:
     D:8: 2351 daAuts
     D:7: 1667 daAuts
    D:10: 1582 daAuts
     D:2: 1522 daAuts
     D:5: 1469 daAuts
     D:1: 1233 daAuts
     D:9: 812 daAuts
     D:3: 713 daAuts
     D:4: 672 daAuts
     D:6: 667 daAuts
    D:11: 598 daAuts
  Temple: 216 daAuts
 Abyss:2: 169 daAuts
  Lair:1: 68 daAuts
